[Event "Titled Tuesday Blitz September 27 Early 2022"]
[White "Yang, Ray"]
[Black "Matt, Fabian"]
[WhiteFideId "3220281"]
[BlackFideId "1623303"]
[WhiteElo "1796"]
[BlackElo "2287"]
[Result "0-1"]
[Round "02"]
[TimeControl "180+1"]
[Date "2022.09.27"]
[WhiteClock "0:00:19"]
[BlackClock "0:00:09"]

1. d4 d5 2. c4 c6 3. cxd5 cxd5 4. Bf4 Nc6 5. e3 Nf6 6. Nc3 Bf5 7. Qb3 Na5 8. Qa4+ Bd7 9. Qc2 e6 10. Bd3 Rc8 11. Nf3 Bb4 12. O-O O-O 13. h3 h6 14. a3 Bxc3 15. bxc3 Nc4 16. Bxc4 Rxc4 17. Ne5 Rc8 18. Rfb1 b6 19. a4 Ne4 20. Rb3 Qe7 21. f3 Nd6 22. Nxd7 Qxd7 23. Bxd6 Qxd6 24. a5 Rc6 25. axb6 axb6 26. Rab1 Rfc8 27. Qb2 Qg3 28. Qf2 Qg5 29. h4 Qf5 30. Rxb6 Rxc3 31. Rb8 Rxb8 32. Rxb8+ Kh7 33. Rb2 Qd3 34. Re2 Rc1+ 35. Kh2 g6 36. Rd2 Qf5 37. Qg3 Rc3 38. Qf2 g5 39. hxg5 hxg5 40. Re2 Kg7 41. Qg3 f6 42. Qh3 Qd3 43. Re1 Qd2 44. Qg3 Rxe3 45. Ra1 Re2 46. Ra7+ Kg6 47. Ra8 Qf4 48. Rg8+ Kf5 49. Qxf4+ gxf4 50. Kh3 Rd2 51. Rh8 Rxd4 52. Rh5+ Kg6 53. Kg4 e5 54. Rh8 Rd2 55. g3 fxg3 56. Kxg3 d4 57. Rd8 Kf5 58. Re8 Rd3 59. Rd8 e4 60. Kg2 Rxf3 61. Rd5+ Ke6 62. Rxd4 f5 63. Ra4 Ke5 64. Ra5+ Kf4 65. Ra4 Rg3+ 66. Kf2 Rh3 67. Kg2 Rb3 68. Kf2 Rb2+ 69. Ke1 Kf3 70. Ra3+ e3 0-1


[Site "https://www.chess.com"]

[Event "Titled Tuesday Blitz September 27 Early 2022"]
[White "Yaniuk, Volodymyr"]
[Black "Mahdavi, Reza"]
[WhiteFideId "14133083"]
[BlackFideId "12595926"]
[WhiteElo "2141"]
[BlackElo "2240"]
[Result "1/2-1/2"]
[Round "02"]
[TimeControl "180+1"]
[Date "2022.09.27"]
[WhiteClock "0:00:15"]
[BlackClock "0:00:25"]

1. d4 Nf6 2. c4 g6 3. Nc3 Bg7 4. Nf3 d6 5. g3 O-O 6. Bg2 c5 7. O-O Nc6 8. h3 cxd4 9. Nxd4 Nxd4 10. Qxd4 Be6 11. Qd3 Rc8 12. Nd5 Bxd5 13. cxd5 Nd7 14. Be3 Ne5 15. Qb3 Nc4 16. Rac1 Nxe3 17. Qxe3 Rxc1 18. Rxc1 Bxb2 19. Rb1 Bf6 20. Qxa7 Qc7 21. Qxb7 Qc2 22. Bf3 Qxa2 23. Qb3 Qa7 24. Qb7 Qd4 25. Rc1 Kg7 26. Rc8 Rxc8 27. Qxc8 Qd1+ 28. Kg2 Qe1 29. Qc4 Qd2 30. h4 Bd4 31. Qd3 Qb2 32. h5 Bc5 33. hxg6 hxg6 34. Qe4 Kf8 35. Qf4 Qa1 36. Be4 Qd4 37. e3 Qc4 38. Bf3 Qc2 39. Be4 Qd2 40. Bxg6 Qxd5+ 41. Be4 Qe6 42. Qh4 Qe5 43. Qf4 Qg7 44. Bd5 Kg8 45. Bf3 Ba3 46. Be4 Bb2 47. Qf5 e6 48. Qf4 Be5 49. Qh4 Bf6 50. Qf4 Be7 51. Bf3 d5 52. Qg4 Bg5 53. Qb4 Kh7 54. Qb1+ f5 55. g4 Bh6 56. Kf1 Qe5 57. gxf5 exf5 58. Bg4 Kg6 59. Bf3 d4 60. Qb6+ Qf6 61. Bh5+ Kg7 62. Qxd4 Qxd4 63. exd4 Kf6 64. Ke2 Ke6 65. Kd3 Kd5 66. Bg6 f4 67. Bf7+ Kd6 68. Ke4 Bg7 69. d5 Bh6 70. f3 Bg5 71. Kf5 Bh6 72. Kg6 Bf8 73. Kg5 Ke5 74. Be6 Bd6 75. Kg4 Kd4 76. Bf7 Ke5 77. Kg5 Kd4 78. Kf6 Kc5 79. Ke6 Bb8 80. Bh5 Bd6 81. Bg6 Bb8 82. Be4 Bd6 83. Kf5 Bb8 84. Ke6 Bd6 85. Kf5 Bb8 86. Ke6 1/2-1/2


[Site "https://www.chess.com"]

[Event "Titled Tuesday Blitz September 27 Early 2022"]
[White "Yilmaz, Mustafa"]
[Black "Shyaamnikhil P"]
[WhiteFideId "6302718"]
[BlackFideId "5024218"]
[WhiteElo "2568"]
[BlackElo "2273"]
[Result "1/2-1/2"]
[Round "02"]
[TimeControl "180+1"]
[Date "2022.09.27"]
[WhiteClock "0:00:08"]
[BlackClock "0:00:12"]

1. d4 Nf6 2. c4 b6 3. Nc3 Bb7 4. Qc2 d5 5. cxd5 Nxd5 6. Nf3 Nxc3 7. bxc3 e6 8. e4 c5 9. Bb5+ Bc6 10. Bd3 cxd4 11. cxd4 Bb4+ 12. Ke2 O-O 13. Bb2 Bb7 14. a3 Be7 15. Rhe1 Ba6 16. Rad1 Bxd3+ 17. Rxd3 Nd7 18. Kf1 Qc8 19. Qe2 Qa6 20. Rc3 Qxe2+ 21. Kxe2 Rfc8 22. Rec1 Rxc3 23. Rxc3 Bd8 24. Rc6 Kf8 25. a4 Ke8 26. Ba3 a6 27. Nd2 b5 28. axb5 axb5 29. Bd6 Nb6 30. Rc2 Kd7 31. Bc5 Na4 32. Bb4 Rc8 33. Kd3 Rxc2 34. Kxc2 Bb6 35. Nf3 f6 36. g4 g6 37. h4 h5 38. g5 fxg5 39. hxg5 Bc7 40. Nh4 Bf4 41. Bd2 Bxd2 42. Kxd2 b4 43. Nxg6 b3 44. f4 b2 45. Kc2 Nc3 46. Kxb2 Nxe4 47. Kc2 Kd6 48. Kd3 Ng3 49. Ke3 Nf5+ 50. Ke4 h4 51. Ne5 h3 52. Ng4 Ng3+ 53. Kf3 Nh5 54. g6 Kd5 55. Ke3 Kd6 56. Ke4 Ng3+ 57. Kf3 Nh5 58. Ne3 h2 59. Kg2 Nxf4+ 60. Kxh2 Nxg6 61. Kg3 Ne7 62. Kf3 Nf5 63. Nxf5+ exf5 64. Kf4 Kd5 65. Kxf5 Kxd4 1/2-1/2


[Site "https://www.chess.com"]

[Event "Titled Tuesday Blitz September 27 Early 2022"]
[White "Zaksaite, Salomeja"]
[Black "Cnejev, Vladimir-Alexandru"]
[WhiteFideId "12801496"]
[BlackFideId "1260898"]
[WhiteElo "1953"]
[BlackElo "1983"]
[Result "0-1"]
[Round "02"]
[TimeControl "180+1"]
[Date "2022.09.27"]
[WhiteClock "0:00:01"]
[BlackClock "0:00:13"]

1. e4 e5 2. Nf3 Nc6 3. Bc4 Bc5 4. d3 Nf6 5. Nbd2 a6 6. h3 d6 7. O-O h6 8. Re1 g5 9. Nf1 g4 10. hxg4 Nxg4 11. Ne3 Rg8 12. c3 Nxe3 13. Bxe3 Bh3 14. g3 Bxe3 15. Rxe3 Bg4 16. Qb3 Qf6 17. Qxb7 Kd7 18. Nh2 Rgb8 19. Nxg4 Qg7 20. Qxb8 Rxb8 21. Nh2 Rxb2 22. Nf3 a5 23. a4 h5 24. Bb5 Qf8 0-1


[Site "https://www.chess.com"]

[Event "Titled Tuesday Blitz September 27 Early 2022"]
[White "Zelbel, Patrick"]
[Black "Sadykov, Ramil"]
[WhiteFideId "24624322"]
[BlackFideId "24113590"]
[WhiteElo "2474"]
[BlackElo "2243"]
[Result "1-0"]
[Round "02"]
[TimeControl "180+1"]
[Date "2022.09.27"]
[WhiteClock "0:00:54"]
[BlackClock "0:00:04"]

1. e4 e5 2. f4 exf4 3. Nf3 d6 4. Nc3 g5 5. g3 g4 6. Nh4 Be7 7. Nf5 Bxf5 8. exf5 Nh6 9. d4 Nxf5 10. Bxf4 h5 11. Qd3 Qd7 12. h3 Nh6 13. O-O-O Nc6 14. Qb5 O-O-O 15. Qxh5 Rdg8 16. Bb5 a6 17. Bxc6 Qxc6 18. Nd5 Bd8 19. h4 f5 20. Ne3 d5 21. Rhf1 Be7 22. Be5 Bf6 23. Nxf5 Bxe5 24. Ne7+ 1-0


[Site "https://www.chess.com"]

[Event "Titled Tuesday Blitz September 27 Early 2022"]
[White "Zong, Davis"]
[Black "Srihari L R"]
[WhiteFideId "30903955"]
[BlackFideId "46617116"]
[WhiteElo "2061"]
[BlackElo "2208"]
[Result "1-0"]
[Round "02"]
[TimeControl "180+1"]
[Date "2022.09.27"]
[WhiteClock "0:00:10"]
[BlackClock "0:00:04"]

1. c4 g6 2. d4 Bg7 3. Nc3 d6 4. e4 Nc6 5. Nf3 Bg4 6. d5 Nd4 7. Be3 c5 8. dxc6 Nxc6 9. Be2 Nf6 10. O-O O-O 11. Qd2 Qa5 12. a3 Rfc8 13. b4 Qd8 14. Rac1 Bxf3 15. gxf3 Ne5 16. Nd5 Qd7 17. Kg2 Nxd5 18. cxd5 Qa4 19. f4 Nd7 20. Qd3 Nb6 21. Bg4 Re8 22. Rc7 h5 23. Bd1 Qa6 24. b5 Qa5 25. Bd2 Nxd5 26. Rxb7 Bc3 27. Qxd5 Bxd2 28. Rxe7 Rxe7 29. Qxa8+ Kg7 30. f5 Qxb5 31. f6+ Kxf6 32. Qh8+ Ke6 33. Qc8+ Qd7 34. Bb3+ Ke5 35. f4+ Bxf4 36. Qc3+ Kxe4 37. Qf3+ Kd4 38. Qxf4+ Kc5 39. Rc1+ Kb6 40. Qb4+ Qb5 41. Qxd6+ Ka5 42. Rc5 Re2+ 43. Kf3 Rb2 44. Rxb5+ Kxb5 45. Qb4+ Kc6 46. Ba4+ 1-0


[Site "https://www.chess.com"]

[Event "Titled Tuesday Blitz September 27 Early 2022"]
[White "Abdrlauf, Elham"]
[Black "Mogranzini, Roberto"]
[WhiteFideId "1533533"]
[BlackFideId "810894"]
[WhiteElo "2409"]
[BlackElo "2469"]
[Result "1-0"]
[Round "03"]
[TimeControl "180+1"]
[Date "2022.09.27"]
[WhiteClock "0:00:02"]
[BlackClock "0:00:40"]

1. e4 c5 2. Nf3 Nc6 3. d4 cxd4 4. Nxd4 g6 5. Nc3 Bg7 6. Be3 Nf6 7. Bc4 Qa5 8. O-O O-O 9. Nd5 Nxd5 10. exd5 Nxd4 11. Bxd4 Bxd4 12. Qxd4 d6 13. Rfe1 Re8 14. h4 Bf5 15. c3 Rac8 16. a4 a6 17. h5 Qc5 18. Qxc5 Rxc5 19. Bb3 Kf8 20. h6 e5 21. dxe6 Bxe6 22. Bxe6 Rxe6 23. Rxe6 fxe6 24. Rd1 Ke7 25. Rd4 a5 26. g4 d5 27. f4 Kd6 28. Kf2 e5 29. fxe5+ Kxe5 30. Ke3 g5 31. Kd3 Rc6 32. b4 axb4 33. Rxb4 b6 34. Rb5 Rxh6 35. c4 Rd6 36. Kc3 Ke4 37. cxd5 Rxd5 38. Rxb6 Kf4 39. Rb4+ Kg3 40. Rb5 Rd7 41. Rxg5 Rb7 42. a5 Kf4 43. Rg8 h6 44. a6 Rb6 45. a7 Ra6 46. a8=Q Rxa8 47. Rxa8 Kxg4 48. Kd3 h5 49. Ke3 Kg3 50. Rg8+ Kh2 51. Kf2 h4 52. Rg4 h3 53. Rg3 1-0


[Site "https://www.chess.com"]

[Event "Titled Tuesday Blitz September 27 Early 2022"]
[White "Adewumi, Tanitoluwa"]
[Black "Obregon Garcia, Roxangel"]
[WhiteFideId "30966396"]
[BlackFideId "3520420"]
[WhiteElo "2591"]
[BlackElo "2036"]
[Result "1-0"]
[Round "03"]
[TimeControl "180+1"]
[Date "2022.09.27"]
[WhiteClock "0:00:12"]
[BlackClock "0:00:32"]

1. Nf3 d5 2. b3 Nf6 3. Bb2 g6 4. c4 c6 5. d4 Bg7 6. e3 O-O 7. Nc3 Re8 8. Ne5 Nbd7 9. Nd3 Ne4 10. cxd5 Nxc3 11. Bxc3 cxd5 12. Be2 b6 13. O-O Ba6 14. Nb4 Bxe2 15. Qxe2 e5 16. dxe5 Nxe5 17. Rad1 Rc8 18. Nxd5 Qh4 19. h3 Red8 20. f4 Nd7 21. Bxg7 Kxg7 22. Qb2+ Kg8 23. e4 Nc5 24. Nf6+ Kf8 25. Qe5 Nd3 26. Nd7+ Rxd7 27. Qh8+ Ke7 28. Qxc8 Rd8 29. Qc3 Nxf4 30. Qc7+ 1-0


[Site "https://www.chess.com"]

[Event "Titled Tuesday Blitz September 27 Early 2022"]
[White "Agasarov, Benik"]
[Black "Yaniuk, Volodymyr"]
[WhiteFideId "13314823"]
[BlackFideId "14133083"]
[WhiteElo "2152"]
[BlackElo "2141"]
[Result "1-0"]
[Round "03"]
[TimeControl "180+1"]
[Date "2022.09.27"]
[WhiteClock "0:01:05"]
[BlackClock "0:00:01"]

1. c4 e5 2. Nc3 Nf6 3. Nf3 Nc6 4. e3 Bb4 5. Qc2 Bxc3 6. Qxc3 O-O 7. Nxe5 Nxe5 8. Qxe5 Re8 9. Qg3 c5 10. Be2 d5 11. O-O Ne4 12. Qf4 Be6 13. d3 Nf6 14. b3 Qa5 15. Bb2 Nd7 16. cxd5 Qd2 17. dxe6 Rxe6 18. Bh5 g6 19. Bg4 Qxb2 20. Bxe6 fxe6 21. Qe4 Nf8 22. Qxb7 Rd8 23. Qxa7 Qf6 24. Qxc5 g5 25. d4 Ng6 26. Rad1 Rd5 27. Qc8+ Kg7 28. e4 Rd8 29. Qc7+ Kh6 30. d5 e5 31. d6 Nh4 32. Qe7 Qf4 33. Qxd8 Qg4 34. Qf8+ Kg6 35. Qf5+ Nxf5 36. exf5+ 1-0


[Site "https://www.chess.com"]

[Event "Titled Tuesday Blitz September 27 Early 2022"]
[White "Aguilar, Juan"]
[Black "Tologon tegin, Semetei"]
[WhiteFideId "3800091"]
[BlackFideId "13800574"]
[WhiteElo "2335"]
[BlackElo "2174"]
[Result "0-1"]
[Round "03"]
[TimeControl "180+1"]
[Date "2022.09.27"]
[WhiteClock "0:00:04"]
[BlackClock "0:00:04"]

1. g3 g6 2. Bg2 Bg7 3. d3 c5 4. Nf3 Nc6 5. O-O Nf6 6. c3 O-O 7. Qa4 e5 8. Qh4 d5 9. Bh6 Ng4 10. Bxg7 Kxg7 11. a4 h6 12. Qxd8 Rxd8 13. Na3 a6 14. e4 f5 15. Rfe1 fxe4 16. dxe4 d4 17. Nc4 Be6 18. Nb6 Rab8 19. Rad1 Nf6 20. h3 Rd6 21. cxd4 cxd4 22. Nd2 Na5 23. b4 Rxb6 24. bxa5 Rb4 25. Ra1 Rb2 26. Nf3 Nd7 27. Rec1 Kf6 28. Rc7 b6 29. axb6 R8xb6 30. Bf1 Rd6 31. a5 d3 32. Rd1 d2 33. Bc4 Bxc4 34. Rxc4 Ke6 35. Kf1 Nb8 36. Ke2 Nc6 37. Rxd2 Rdxd2+ 38. Nxd2 Nd4+ 39. Kd3 Ra2 40. Rb4 Rxa5 41. Rb6+ Kd7 42. Nc4 Rb5 43. Rxa6 Rb3+ 44. Kd2 Nc6 45. Rb6 Rf3 46. Rb7+ Ke6 47. Rh7 Rxf2+ 48. Ke3 Rg2 49. Rxh6 Rxg3+ 50. Kf2 Rg5 51. Ne3 Kf7 52. Ng4 Kg7 53. Kf3 Rxg4 54. hxg4 Kxh6 55. Ke3 Kg5 0-1


[Site "https://www.chess.com"]

[Event "Titled Tuesday Blitz September 27 Early 2022"]
[White "Al-Tarboush, Ward"]
[Black "Kravtsiv, Martyn"]
[WhiteFideId "7601450"]
[BlackFideId "14113147"]
[WhiteElo "2234"]
[BlackElo "2694"]
[Result "0-1"]
[Round "03"]
[TimeControl "180+1"]
[Date "2022.09.27"]
[WhiteClock "0:00:06"]
[BlackClock "0:01:31"]

1. e4 e5 2. Nf3 Nc6 3. Bb5 a6 4. Ba4 Nf6 5. O-O Be7 6. Re1 b5 7. Bb3 O-O 8. c3 d6 9. h3 Bb7 10. d4 Re8 11. Nbd2 Bf8 12. a4 exd4 13. cxd4 Nb4 14. d5 g6 15. Bc2 Nxc2 16. Qxc2 Bg7 17. Nf1 Qd7 18. Ng3 c6 19. dxc6 Qxc6 20. Qxc6 Bxc6 21. axb5 axb5 22. Rxa8 Bxa8 23. Nd2 h5 24. f3 d5 25. e5 h4 26. Ngf1 Nh5 27. f4 Nxf4 28. Nf3 Nd3 29. Rd1 Nxe5 30. Nxh4 Nc4 31. b3 Na5 32. b4 Nc4 33. Nf3 d4 34. N1d2 d3 35. Nb3 Bxf3 36. gxf3 Rd8 37. Bg5 Rd5 38. h4 Bc3 39. Be7 d2 40. Kf2 Nb2 41. Ke2 Nxd1 42. Kxd1 Re5 0-1


[Site "https://www.chess.com"]

[Event "Titled Tuesday Blitz September 27 Early 2022"]
[White "Albertini, Luca"]
[Black "Fawzy, Adham"]
[WhiteFideId "847038"]
[BlackFideId "10613129"]
[WhiteElo "2207"]
[BlackElo "2541"]
[Result "0-1"]
[Round "03"]
[TimeControl "180+1"]
[Date "2022.09.27"]
[WhiteClock "0:01:43"]
[BlackClock "0:01:00"]

1. d4 e6 2. c4 d5 3. Nc3 c6 4. cxd5 cxd5 5. Bf4 a6 6. e3 Nc6 7. Rc1 Nf6 8. Bd3 Bd6 9. Bxd6 Qxd6 10. Nf3 O-O 11. O-O Bd7 12. Na4 Rac8 13. Nc5 Rc7 14. Qb3 Rb8 15. Qb6 Bc8 16. Ne5 Nd7 17. Ncxd7 Bxd7 18. Rc3 Be8 19. Rfc1 Qd8 20. b4 f6 21. Nf3 Rcc8 22. a4 Qxb6 0-1


[Site "https://www.chess.com"]

[Event "Titled Tuesday Blitz September 27 Early 2022"]
[White "Aldokhin, Ivan"]
[Black "Bashirli, Saadat"]
[WhiteFideId "24115720"]
[BlackFideId "13429990"]
[WhiteElo "2243"]
[BlackElo "1173"]
[Result "1/2-1/2"]
[Round "03"]
[TimeControl "180+1"]
[Date "2022.09.27"]
[WhiteClock "0:00:03"]
[BlackClock "0:00:02"]

1. e4 c5 2. Nf3 g6 3. d4 cxd4 4. Nxd4 Nc6 5. Nc3 Bg7 6. Be3 Nf6 7. Bc4 O-O 8. Bb3 a5 9. f3 d5 10. Bxd5 Nxd5 11. Nxd5 e6 12. Nxc6 bxc6 13. Nb6 Qxd1+ 14. Rxd1 Rb8 15. Nxc8 Rfxc8 16. b3 a4 17. Bd4 axb3 18. axb3 c5 19. Bxg7 Kxg7 20. Ke2 c4 21. bxc4 Rxc4 22. Rd2 Rc3 23. Rc1 Rbc8 24. Kd1 R8c7 25. Rd3 R3c4 26. Kd2 R7c6 27. c3 e5 28. Rb1 Ra6 29. Rb2 Ra3 30. h4 h5 31. g3 Kf6 32. Rb6+ Kg7 33. Rb2 Kf6 34. Rb7 Ra2+ 35. Kd1 Rg2 36. Rd6+ Kg7 37. Rdd7 Rxc3 38. Rxf7+ Kg8 39. Rg7+ Kf8 40. Rbf7+ Ke8 41. Ra7 Kf8 42. Rxg6 Rxf3 43. Ke1 Rgxg3 44. Rc6 Rc3 45. Ra8+ Kf7 46. Ra7+ Kf8 47. Rxc3 Rxc3 48. Kf2 Rh3 49. Ra5 Rxh4 50. Rxe5 Kf7 51. Kg3 Rg4+ 52. Kf3 Kg6 53. Re6+ Kg5 54. Re5+ Kg6 55. Re6+ Kg5 56. Rb6 Rf4+ 57. Ke3 Rf6 58. Rb5+ Kg6 59. e5 Re6 60. Kf4 h4 61. Rb8 h3 62. Rh8 Kf7 63. Rxh3 Ke7 64. Kf5 Ra6 65. Rh7+ Ke8 66. Rh8+ Ke7 67. Rb8 Ra1 68. Rb7+ Ke8 69. Kf6 Rf1+ 70. Ke6 Kd8 71. Rb8+ Kc7 72. Rh8 Re1 73. Rh7+ Kd8 74. Rh8+ Kc7 75. Rh5 Kd8 76. Rh8+ Kc7 1/2-1/2


[Site "https://www.chess.com"]

[Event "Titled Tuesday Blitz September 27 Early 2022"]
[White "Aliakbarov, Anar"]
[Black "Beerdsen, Thomas"]
[WhiteFideId "13401858"]
[BlackFideId "1030108"]
[WhiteElo "2210"]
[BlackElo "2567"]
[Result "1-0"]
[Round "03"]
[TimeControl "180+1"]
[Date "2022.09.27"]
[WhiteClock "0:00:09"]
[BlackClock "0:01:43"]

1. d4 d5 2. c4 Nc6 3. Nc3 Nf6 4. Nf3 dxc4 5. e3 Bg4 6. Bxc4 e6 7. h3 Bh5 8. Bb5 Bb4 9. g4 Bg6 10. Ne5 Qd5 11. Bxc6+ bxc6 12. O-O Bxc3 13. bxc3 O-O 14. c4 Qd6 15. a4 c5 16. Ba3 Rfd8 17. Bxc5 Qa6 18. Nxg6 hxg6 19. Be7 Rd7 20. Bxf6 gxf6 21. Qb3 f5 22. Qb5 Qd6 23. Qb7 Rad8 24. Qxa7 fxg4 25. hxg4 e5 26. Qc5 Qe6 27. Qxe5 Qxg4+ 28. Qg3 Qh5 29. a5 c5 30. d5 Re7 31. a6 Re4 32. a7 Rg4 33. a8=Q Rxg3+ 34. fxg3 Rxa8 35. Rxa8+ Kg7 36. Ra7 Qe2 37. Raxf7+ Kh6 38. R7f4 Qxe3+ 39. Kg2 g5 40. Rf6+ Kh5 41. Re6 Qd3 42. Ree1 Qxc4 43. Rd1 Qe2+ 44. Kg1 Kg4 45. Rfe1 Qf3 46. Rd2 Qxg3+ 47. Rg2 1-0


[Site "https://www.chess.com"]

[Event "Titled Tuesday Blitz September 27 Early 2022"]
[White "Aloma Vidal, Robert"]
[Black "Abdisalimov, Abdimalik"]
[WhiteFideId "2260409"]
[BlackFideId "14206323"]
[WhiteElo "2435"]
[BlackElo "2401"]
[Result "0-1"]
[Round "03"]
[TimeControl "180+1"]
[Date "2022.09.27"]
[WhiteClock "0:00:03"]
[BlackClock "0:00:11"]

1. e4 c5 2. c3 Nf6 3. e5 Nd5 4. Nf3 Nc6 5. Bc4 Nb6 6. Bb3 c4 7. Bc2 Qc7 8. Qe2 g5 9. Na3 g4 10. Nb5 Qb8 11. Nh4 Nxe5 12. O-O a6 13. Nd4 Rg8 14. Re1 d6 15. b3 e6 16. bxc4 Nbxc4 17. d3 Nb6 18. c4 Be7 19. Rb1 Qc7 20. Qe4 Bf6 21. Be3 Nbd7 22. Ba4 h5 23. Nhf5 Kd8 24. Nh6 Nc5 25. Qf4 Rg6 26. Bc2 Ncxd3 27. Bxd3 Nxd3 28. Qe4 Nxe1 29. Nxe6+ Bxe6 30. Bb6 Rc8 31. Nxf7+ Bxf7 32. Bxc7+ Rxc7 33. Qxe1 Be7 34. Qa5 Re6 35. h3 Re5 36. Qb6 gxh3 37. g3 Rc5 38. Qa7 Bxc4 39. Rxb7 Rxb7 40. Qxb7 Bd5 41. Qb6+ Kd7 42. Kh2 Bg2 43. Qxa6 d5 44. Qa3 d4 45. Qb2 Rd5 46. Qb7+ Ke6 47. Qc6+ Kf7 48. Qc4 d3 49. Qf4+ Ke8 50. Qa4+ Kf8 51. Qf4+ Kg7 52. Qd2 h4 53. a4 hxg3+ 54. fxg3 Bd8 55. Kg1 Ba5 56. Qb2+ Kg6 57. Qb1 Kf6 58. Qb2+ Kf5 59. Qb1 Ke5 60. Qb2+ Ke4 61. Qb1 Bc3 62. g4 Bd4+ 63. Kh2 Be5+ 64. Kg1 Kf4 65. Qb4+ Rd4 66. Qd2+ Kxg4 67. Qe3 d2 68. Qxe5 d1=Q+ 69. Kh2 Qh1# 0-1


[Site "https://www.chess.com"]

[Event "Titled Tuesday Blitz September 27 Early 2022"]
[White "Amgalantengis, Enkh-Amgalan"]
[Black "Winkels, Marcel"]
[WhiteFideId "4903536"]
[BlackFideId "1003887"]
[WhiteElo "1719"]
[BlackElo "1900"]
[Result "1-0"]
[Round "03"]
[TimeControl "180+1"]
[Date "2022.09.27"]
[WhiteClock "0:01:13"]
[BlackClock "0:00:54"]

1. d4 Nf6 2. c4 g6 3. Nc3 d5 4. Nf3 Bg7 5. Bg5 Ne4 6. cxd5 Nxg5 7. Nxg5 e6 8. Nf3 exd5 9. e3 O-O 10. b4 c6 11. Bd3 b6 12. Qb3 Ba6 13. Bxa6 Nxa6 14. O-O Nc7 15. Rfd1 Rc8 16. Rac1 Ne8 17. b5 Nf6 18. bxc6 Rxc6 19. Ne5 Rc8 20. Rc2 Qd6 21. Rdc1 a6 22. Nxd5 Rxc2 23. Nxf6+ Bxf6 24. Qxc2 Bxe5 25. dxe5 Qxe5 26. h3 Rd8 27. Rd1 Rxd1+ 28. Qxd1 Qc5 29. Qd3 b5 30. e4 a5 31. Qd8+ Kg7 32. Qxa5 Qc1+ 33. Kh2 Qf4+ 34. Kg1 Qc1+ 35. Kh2 Qf4+ 36. Kh1 Qxf2 37. Qxb5 Qe1+ 38. Kh2 Qxe4 39. a4 Qf4+ 40. Kg1 Qc1+ 41. Kf2 Qd2+ 42. Kf3 Qc3+ 43. Ke4 Qg3 44. Qe5+ Qxe5+ 45. Kxe5 Kf8 46. a5 Ke8 47. a6 Kd7 48. a7 1-0


[Site "https://www.chess.com"]

[Event "Titled Tuesday Blitz September 27 Early 2022"]
[White "Antonova, Nadezhda"]
[Black "Pourkashiyan, Atousa"]
[WhiteFideId "14700182"]
[BlackFideId "12502014"]
[WhiteElo "1805"]
[BlackElo "2247"]
[Result "1-0"]
[Round "03"]
[TimeControl "180+1"]
[Date "2022.09.27"]
[WhiteClock "0:00:15"]
[BlackClock "0:00:02"]

1. Nf3 d5 2. b3 Nf6 3. Bb2 Bg4 4. e3 e6 5. h3 Bh5 6. g4 Bg6 7. d3 c5 8. Nbd2 Nc6 9. Nh4 Be7 10. Nxg6 hxg6 11. Bg2 e5 12. Qe2 Qd6 13. e4 Nd4 14. Qd1 O-O-O 15. c3 Ne6 16. exd5 Nf4 17. Be4 N6xd5 18. Nc4 Qe6 19. Qc2 f5 20. Bxd5 Rxd5 21. O-O-O Rxh3 22. Rxh3 Nxh3 23. gxf5 gxf5 24. Ne3 Rd8 25. d4 e4 26. d5 Qf7 27. c4 Nf4 28. Rg1 Nd3+ 29. Kb1 Nxb2 30. Qxb2 Bf6 31. Qa3 b6 32. Nxf5 Bd4 33. Nxd4 cxd4 34. Qb2 e3 35. fxe3 dxe3 36. Qxg7 Qf5+ 37. Kb2 e2 38. Qxa7 Qe5+ 39. Ka3 e1=Q 40. Qa8+ 1-0


[Site "https://www.chess.com"]

[Event "Titled Tuesday Blitz September 27 Early 2022"]
[White "Aqib Javaid Butt"]
[Black "Kvaloy, Aksel Bu"]
[WhiteFideId "7801262"]
[BlackFideId "1528815"]
[WhiteElo "1634"]
[BlackElo "1998"]
[Result "1-0"]
[Round "03"]
[TimeControl "180+1"]
[Date "2022.09.27"]
[WhiteClock "0:00:53"]
[BlackClock "0:00:07"]

1. d4 Nf6 2. Nf3 e6 3. c4 d5 4. Nc3 Bb4 5. e3 O-O 6. Bd3 b6 7. O-O Bxc3 8. bxc3 Ba6 9. cxd5 exd5 10. Ba3 Re8 11. Qe2 Bxd3 12. Qxd3 Nc6 13. c4 dxc4 14. Qxc4 Na5 15. Qe2 Ne4 16. Bb4 Nb7 17. Rfc1 c5 18. dxc5 Nbxc5 19. Bxc5 Nxc5 20. Rd1 Qf6 21. Rac1 Rad8 22. h3 Ne4 23. Rxd8 Rxd8 24. Qc4 Nd2 25. Nxd2 Rxd2 26. Qc8+ Rd8 27. Qg4 g6 28. Rc8 Rxc8 29. Qxc8+ Kg7 30. Qc4 Qa1+ 31. Kh2 Qb2 32. Kg3 a5 33. a4 Qb4 34. Qc2 h5 35. Kf3 Kf6 36. Qe4 Qxe4+ 37. Kxe4 Ke6 38. Kd4 Kd6 39. Kc4 Kc6 40. e4 h4 41. g3 g5 42. gxh4 gxh4 43. f4 b5+ 44. axb5+ Kb6 45. e5 a4 46. f5 a3 47. Kb3 Kxb5 48. e6 fxe6 49. f6 Kc6 50. f7 a2 51. Kxa2 Kd7 52. f8=Q 1-0


[Site "https://www.chess.com"]

[Event "Titled Tuesday Blitz September 27 Early 2022"]
[White "Ardila, Oscar Humberto"]
[Black "Pinheiro, Iung Alicio de O."]
[WhiteFideId "4404742"]
[BlackFideId "2104350"]
[WhiteElo "1898"]
[BlackElo "2283"]
[Result "0-1"]
[Round "03"]
[TimeControl "180+1"]
[Date "2022.09.27"]
[WhiteClock "0:00:01"]
[BlackClock "0:00:16"]

1. d4 Nf6 2. c4 g6 3. Nc3 Bg7 4. Nf3 d6 5. e3 O-O 6. Be2 c5 7. dxc5 dxc5 8. Qb3 Nc6 9. O-O Na5 10. Qc2 Bf5 11. e4 Bg4 12. Rd1 Nd7 13. Nd5 Nc6 14. Be3 Bxf3 15. Bxf3 Nd4 16. Bxd4 Bxd4 17. Rd2 e6 18. Nc3 Qf6 19. Nd1 Ne5 20. Be2 Rad8 21. Rb1 h5 22. b4 Rd7 23. bxc5 Rfd8 24. Rxd4 Rxd4 25. Bf1 Ng4 26. Ne3 Rd2 27. Nxg4 hxg4 28. Qb3 Qxf2+ 29. Kh1 R8d3 30. Qa4 Rh3 31. Qe8+ Kg7 32. Qe7 g3 0-1


[Site "https://www.chess.com"]

[Event "Titled Tuesday Blitz September 27 Early 2022"]
[White "Averjanov, Alexey"]
[Black "Jovic, Stanoje"]
[WhiteFideId "14109867"]
[BlackFideId "905020"]
[WhiteElo "2645"]
[BlackElo "2238"]
[Result "1-0"]
[Round "03"]
[TimeControl "180+1"]
[Date "2022.09.27"]
[WhiteClock "0:00:33"]
[BlackClock "0:00:01"]

1. d4 Nf6 2. c4 e6 3. Nf3 b6 4. g3 Ba6 5. Nbd2 d5 6. Qc2 Bb4 7. Qa4+ c6 8. Qxb4 dxc4 9. Nxc4 Nd5 10. Qb3 O-O 11. Bg2 c5 12. O-O Nc6 13. Rd1 b5 14. Nce5 Na5 15. Qd3 f6 16. Ng4 c4 17. Qd2 b4 18. e4 c3 19. Qe1 Nb6 20. bxc3 bxc3 21. Qxc3 Nbc4 22. Ne3 Rc8 23. Nxc4 Rxc4 24. Qa3 Rc6 25. d5 Nc4 26. Qb4 Rb6 27. Qe1 exd5 28. Rxd5 Qc8 29. Bf4 Nb2 30. Qe3 Nc4 31. Qd4 Rc6 32. Rc1 Bb7 33. Rd7 Ne5 34. Rxc6 1-0


[Site "https://www.chess.com"]

[Event "Titled Tuesday Blitz September 27 Early 2022"]
[White "Azadaliyev, Jahandar"]
[Black "Alexikov, Alexander"]
[WhiteFideId "13425811"]
[BlackFideId "14103958"]
[WhiteElo "1810"]
[BlackElo "2222"]
[Result "1-0"]
[Round "03"]
[TimeControl "180+1"]
[Date "2022.09.27"]
[WhiteClock "0:00:09"]
[BlackClock "0:00:09"]

1. e4 c5 2. Nf3 d6 3. d4 cxd4 4. Nxd4 Nf6 5. Nc3 a6 6. Bg5 e6 7. f4 Nbd7 8. Qf3 Qc7 9. O-O-O Be7 10. Be2 O-O 11. Rhe1 Re8 12. Qh3 g6 13. Bh6 Bf8 14. Bg5 Bg7 15. Qh4 e5 16. Nf3 b5 17. a3 Bb7 18. Nd2 exf4 19. Qxf4 Re6 20. Rf1 Ne5 21. Nf3 Nxf3 22. Bxf3 Rc8 23. Rd2 a5 24. Nxb5 Qc4 25. Be2 Qa2 26. Rd4 Qa1+ 27. Kd2 Qxb2 28. Bd3 1-0


[Site "https://www.chess.com"]